 Dungeon Crawl Stone Soup version 0.28-a0-1233-g92def6ad0a (webtiles) character file.

Game seed: 11261826501889268667

413 Lekart the Skirmisher (level 6, -2/52 (55) HPs)
             Began as a Draconian Chaos Knight on Dec 23, 2021.
             Was a Plaything of Xom.
             Slain by a wight (5 damage)
             ... on level 4 of the Dungeon.
             The game lasted 00:05:01 (3395 turns).

Lekart the Skirmisher (Draconian Chaos Knight)      Turns: 3395, Time: 00:05:01

HP:   -2/52 (55)    AC:  7    Str: 14    XL:     6   Next: 59%
MP:   6/6           EV: 28    Int: 12    God:    Xom [.*....]
Gold: 124           SH:  0    Dex: 13    Spells: 5/5 levels left

rFire   . . .      SeeInvis .   f - +2 dagger (elec)
rCold   . . .      Faith    .   (no shield)
rNeg    . . .      Spirit   .   (armour unavailable)
rPois   +          Reflect  .   (helmet restricted)
rElec   .          Harm     .   (no cloak)
rCorr   .          Rampage  .   i - +0 pair of gloves
Will    .....                   (no boots)
Stlth   +.........              b - amulet of the acrobat
HPRegen 0.00/turn               (no ring)
MPRegen 0.10/turn               (no ring)

@: acrobatic, flying, inhibited regen, drained
A: AC +6, unfitting armour, cold-blooded, big wings, poison resistance,
inhibited regeneration
a: Renounce Religion


You were on level 4 of the Dungeon.
You worshipped Xom.
You were a plaything of Xom.
You visited 1 branch of the dungeon, and saw 4 of its levels.

You collected 124 gold pieces.

Inventory:

Hand Weapons
 a - a +0 hand axe of chaos
 f - a +2 dagger of electrocution (weapon)
Armour
 i - a +0 pair of gloves (worn)
Jewellery
 b - an amulet of the acrobat (around neck)
Scrolls
 d - 2 scrolls of identify
 e - 2 scrolls of teleportation
 g - a scroll of magic mapping
 j - a scroll of enchant armour {unknown}
Potions
 c - 2 potions of resistance


   Skills:
 + Level 4.9 Fighting
 + Level 2.8 Short Blades
 + Level 4.6 Axes
 + Level 3.8 Dodging


You had 5 spell levels left.
You didn't know any spells.
Your spell library was empty.

Dungeon Overview and Level Annotations

Branches:
Dungeon (4/15)
 Temple: D:4-7

Altars:
Uskayaw

Annotations:
D:3 exclusion: 2 downstairs


Innate Abilities, Weirdness & Mutations

Your plain brown scales are hard. (AC +6)
You cannot fit into any form of body armour.
You are cold-blooded and may be slowed by cold attacks.
Your large and strong wings let you fly.
Your system is resistant to poisons. (rPois)
You do not regenerate when monsters are visible.


Message History

You hit the orc priest but do no damage.
The orc priest is heavily wounded.
The orc priest closely misses you.
You hit the orc priest.
The orc priest is severely wounded.
The orc priest calls down the wrath of Beogh upon you.
Beogh smites you!
You are too injured to fight recklessly!
It was a potion of curing.
You feel better.
Xom thinks this is hilarious!
The orc priest closely misses you.
You closely miss the orc priest.
The orc priest is severely wounded.
You hit the orc priest but do no damage.
Lightning courses through the orc priest!
You kill the orc priest!
You hit the wight.
The wight is lightly damaged.
The wight closely misses you.
You barely miss the wight.
The wight is lightly damaged. "This might be better!"
You swap places with the wight.
A wight comes into view. It is wielding a +0 flail.
The wight hits you with a +5 falchion of freezing.
You feel drained. The wight freezes you.
The wight hits you with a +0 long sword!
* * * LOW HITPOINT WARNING * * *
You feel drained.
* * * LOW HITPOINT WARNING * * *
You hit the wight. Lightning courses through the wight!
You destroy the wight!
The wight barely misses you.
The wight hits you with a +0 long sword.
* * * LOW HITPOINT WARNING * * *
You feel drained.
* * * LOW HITPOINT WARNING * * *
The wight hits you with a +0 flail.
You die...
Xom howls with laughter!

..............,* .
.....)........,*
##..########.#**
##..####.># * ***** *
#..........,, ,, ..
#..........,,,, ,..,
#...#########*###+##*
#...######..###....##...
............#..z@.......
............#.).z.......
##..##..######z##..##...
##..##..##..##.##..# *#
................#..#
................#...
###..>..#..######..##
############ ..# ..#


You could see 3 wights.

Vanquished Creatures
  An ogre (D:4)
  A phantom (D:4)
  A wight (D:4)
  An orc priest (D:4)
  A centaur skeleton (D:4)
  A gnoll (D:1)
  7 adders
  A howler monkey skeleton (D:4)
  An adder skeleton (D:4)
  A worm (D:2)
  2 dart slugs (D:2)
  2 orcs (D:3)
  7 ball pythons
  4 bats
  7 endoplasms
  5 giant cockroaches
  5 goblins
  4 hobgoblins
  6 jackals
  5 kobolds
  2 quokkas
  6 frilled lizards
  4 rats
75 creatures vanquished.

Notes
Turn   | Place    | Note
-------+----------+-------------------------------------------
     0 | D:1      | Lekart the Draconian Chaos Knight began the quest for the
                  | Orb.
     0 | D:1      | Reached XP level 1. HP: 19/19 MP: 1/1
    15 | D:1      | XOM: divination: detect items
   144 | D:1      | Reached XP level 2. HP: 25/26 MP: 2/2
   212 | D:1      | XOM: silly message
   524 | D:1      | Reached XP level 3. HP: 28/33 MP: 3/3
   657 | D:1      | Found a faded altar of an unknown god.
  1223 | D:2      | XOM: noise
  1288 | D:2      | Reached XP level 4. HP: 29/40 MP: 4/4
  1420 | D:2      | XOM: divination: magic mapping
  1939 | D:3      | Gained mutation: Your system is resistant to poisons.
                  | (rPois) [potion of mutation]
  1939 | D:3      | Gained mutation: You do not regenerate when monsters are
                  | visible. [potion of mutation]
  1939 | D:3      | Gained mutation: Your large and strong wings let you fly.
                  | [potion of mutation]
  2613 | D:4      | XOM: potion effect (brilliance)
  2615 | D:4      | Reached XP level 5. HP: 47/47 MP: 5/5
  2639 | D:3      | Reached skill level 1 in Short Blades
  2654 | D:3      | XOM: scenery: 1 doors open, 2 doors close
  2856 | D:4      | Noticed a phantom
  2866 | D:4      | Killed a phantom
  2979 | D:4      | XOM: divination: magic mapping
  2989 | D:4      | XOM: snakes to sticks
  3094 | D:4      | Noticed a yak
  3094 | D:4      | Noticed a yak
  3097 | D:4      | Noticed a yak
  3101 | D:4      | Noticed a yak
  3102 | D:4      | Noticed a yak
  3102 | D:4      | Noticed a yak
  3118 | D:4      | XOM: cast spell 'Leda's Liquefaction'
  3171 | D:3      | XOM: god gift: 5 boomerangs
  3187 | D:4      | Noticed an ogre
  3195 | D:4      | Killed an ogre
  3196 | D:4      | Reached XP level 6. HP: 42/53 MP: 6/6
  3314 | D:4      | Found a hide-covered altar of Uskayaw.
  3385 | D:4      | XOM: scenery: 1 doors close
  3392 | D:4      | XOM: swap monsters
  3395 | D:4      | Slain by a wight

Illustrated notes

Levels and vault maps discovered:
D:1:      dpeg_arrival_long_road, layout_loops_ring,
          shapermc_ecumenical_altar_totnotflames
D:2:      minmay_diamond_boxcup, layout_rooms
D:3:      layout_basic, minmay_crystal_room
D:4:      layout_gridville, nicolae_overflow_crystal_walls,
          nicolae_uskayaw_dance_hall, minmay_temple_entry_stoned_glass,
          chequers_serial_rivers_small_a

Skill      XL: |  1  2  3  4  5 |
---------------+----------------+-----
Fighting       | 4 |  4.9
Axes           | 4 |  4.6
Dodging        | 3 |  3.8
Short Blades   | 2 |  2.8

Action                   |  1- 3 |  4- 6 || total
-------------------------+-------+-------++-------
Melee: Hand axe          |    76 |       ||    76
       Tailslap          |    13 |    20 ||    33
       Dagger            |    16 |   145 ||   161
  Use: Scroll            |     3 |     2 ||     5
       Potion            |       |     6 ||     6
 Stab: Sleeping          |     2 |     2 ||     4
Armor: Skin              |    21 |    34 ||    55
Dodge: Dodged            |    52 |   127 ||   179

Table legend: (Time is in decaauts)
 A = Elapsed time spent in this place.
 B = Non-inter-level travel time spent in this place.
 C = Inter-level travel time spent in this place.
 D = Time resting spent in this place.
 E = Time spent auto-exploring this place.
 F = Levels seen in this place.
 G = Mean time per level.
                   A        B        C        D        E       F      G
               +--------+--------+--------+--------+--------+-----+--------+
         Total |   3407 |   3246 |    161 |    209 |   2475 |   4 |  851.8 |
       Dungeon |   3407 |   3246 |    161 |    209 |   2475 |   4 |  851.8 |
               +--------+--------+--------+--------+--------+-----+--------+

Top non-repeatable levels by time:
     D:1: 1033 daAuts
     D:3: 957 daAuts
     D:2: 917 daAuts
     D:4: 499 daAuts
